 Dungeon Crawl Stone Soup version 0.29-a0-323-g050149af67 (webtiles) character file.

Game seed: 4952021430240412844

1941 kae the Zephyrmancer (level 9, 0/81 HPs)
             Began as an Ogre Air Elementalist on Apr 10, 2022.
             Slain by a gnoll sergeant
             ... wielding a +0 vorpal spear
              (5 damage)
             ... on level 6 of the Dungeon.
             The game lasted 00:04:41 (9128 turns).

kae the Zephyrmancer (Ogre Air Elementalist)        Turns: 9128, Time: 00:04:42

Health: 0/81       AC:  4    Str: 14    XL:     9   Next: 18%
Magic:  14/19      EV:  9    Int: 20    God:
Gold:   456        SH:  5    Dex:  9    Spells: 11/21 levels left

rFire   . . .      SeeInvis .   f - +0 short sword
rCold   . . .      Faith    .   (no shield)
rNeg    + . .      Spirit   .   a - +1 robe
rPois   .          Reflect  +   (helmet restricted)
rElec   .          Harm     .   (no cloak)
rCorr   .          Rampage  .   (gloves unavailable)
Will    .....                   (boots unavailable)
Stlth   +.........              q - amulet of reflection
HPRegen 0.23/turn               g - ring of positive energy
MPRegen 0.16/turn               (no ring)

@: no status effects
A: large, unfitting armour, tough skin 1, horns 1, robust 1
a: no special abilities


You were on level 6 of the Dungeon.
You visited 1 branch of the dungeon, and saw 6 of its levels.

You collected 456 gold pieces.

Inventory:

Hand Weapons
 f - a +0 short sword (weapon)
Armour
 a - a +1 robe (worn)
Magical Staves
 t - a staff of poison
Jewellery
 g - a ring of positive energy (left hand)
 q - an amulet of reflection (around neck)
Wands
 h - a wand of paralysis (7)
 k - a wand of polymorph (13)
 u - a wand of mindburst (18)
Scrolls
 c - 2 scrolls of teleportation
 e - a scroll of identify
Potions
 b - a potion of magic
 d - 3 potions of brilliance
 i - 2 potions of curing
 j - a potion of flight
 l - 4 potions of lignification
 m - a potion of cancellation
 n - 3 potions of might
 o - 2 potions of invisibility
 r - a potion of ambrosia {unknown}
 s - 2 potions of haste


   Skills:
 - Level 1.7 Dodging
 - Level 1.4 Stealth
 + Level 6.8 Spellcasting
 + Level 5.2 Conjurations
 * Level 8.1 Air Magic


You had 11 spell levels left.
You knew the following spells:

 Your Spells              Type           Power      Damage    Failure   Level
a - Shock                 Conj/Air       100%       1d9       1%          1
b - Static Discharge      Conj/Air       33%        N/A       1%          2
c - Swiftness             Air            39%        N/A       1%          3
d - Airstrike             Air            19%        N/A       3%          4

Your spell library contained the following spells:

 Spells                   Type           Power      Damage    Failure   Level
 Magic Dart               Conj           100%       1d8       1%          1
 Searing Ray              Conj           54%        2d6       1%          2
 Beastly Appendage        Tmut           12%        N/A       10%         1
 Wereblood                Tmut           6%         N/A       14%         2
 Call Canine Familiar     Summ           6%         N/A       28%         3
 Portal Projectile        Hex/Tloc       12%        N/A       28%         3
 Spider Form              Tmut/Pois      6%         N/A       28%         3
 Fulminant Prism          Conj/Hex       8%         3d7       32%         4
 Sticky Flame             Conj/Fire      17%        2d4       32%         4
 Animate Armour           Summ/Erth      12%        N/A       67%         4
 Animate Dead             Necr           3%         N/A       67%         4
 Dispel Undead            Necr           6%         3d8       67%         4
 Leda's Liquefaction      Hex/Erth       3%         N/A       67%         4
 Blade Hands              Tmut           3%         N/A       95%         5
 Iron Shot                Conj/Erth      8%         9d3       99%         6
 Haunt                    Necr/Summ      3%         N/A       100%        7
 Infestation              Necr           3%         N/A       100%        8


Dungeon Overview and Level Annotations

Branches:
Dungeon (6/15)
 Temple: D:4-7

Altars:
Ashenzari
Hepliaklqana
Kikubaaqudgha
Qazlal
Ru
Vehumet

Annotations:
D:3 1 runed translucent door, exclusion: door, Crazy Yiuf
D:5 Edmund


Innate Abilities, Weirdness & Mutations

You are too large for most types of armour.
You have tough skin. (AC +1)
You have a pair of small horns on your head.
You are robust. (+10% HP)


Message History

You are struck by an arc of lightning.
The lightning grounds out.
The gnoll sergeant closely misses you. The gnoll hits you with a +0 flail!
You block the gnoll's attack. The gnoll sergeant closely misses you.
The gnoll barely misses you. The gnoll hits you with a +0 spear.
Casting: Static Discharge (safe; 1% risk of failure)
Confirm with . or Enter, or press ? or * to list all spells.
The gnoll is struck by an arc of lightning!
You kill the gnoll!
The gnoll is struck by an arc of lightning.
The gnoll is almost dead.
The lightning grounds out.
The gnoll sergeant hits you with a +0 vorpal spear!
The gnoll barely misses you.
The gnoll sergeant hits you with a +0 vorpal spear.
* * * LOW HITPOINT WARNING * * *
The gnoll hits you with a +0 flail!
* * * LOW HITPOINT WARNING * * *
Casting: Static Discharge (safe; 1% risk of failure)
Confirm with . or Enter, or press ? or * to list all spells.
The gnoll is struck by an arc of lightning!
You kill the gnoll!
You are struck by an arc of lightning.
* * * LOW HITPOINT WARNING * * *
The gnoll sergeant is struck by an arc of lightning!
The gnoll sergeant is heavily wounded.
The lightning grounds out.
The gnoll sergeant closely misses you. The gnoll sergeant barely misses you.
Unknown command.
Unknown command.
Unknown command.
Unknown command.
Unknown command.
Unknown command.
Unknown command.
The gnoll sergeant attacks as you move away!
The gnoll sergeant hits you with a +0 vorpal spear!
* * * LOW HITPOINT WARNING * * *
x2 The gnoll sergeant hits you from afar with a +0 vorpal spear.
You die...

##.........# #....#
#.......† #..........#
#....# #.......#
####..........# #....#
#.......# #.............#
#....# ##....###
#..)....####### #....#
........ #........# #....#
.. ..
####.....############## .
...
#.....+......).....###'#
###.
####.....##...)@.).........
..
#.........#......g....(....
..
#.#####....................
.# # #.....#.#...#........
# ####.(..#...#......^.
...####...#?.)..... ....#
#...#........ ....#
#...#.....).. # .....
###.......... #


You could see a gnoll sergeant.

Vanquished Creatures
  A water moccasin (D:5)
  A centaur (D:6)
  4 phantoms
  Blork the orc (D:4)
  5 scorpions
  2 necrophages
  3 wights (D:6)
  3 hounds (D:5)
  2 orc priests
  2 gnoll shamans (D:5)
  2 iguanas
  Natasha (thrice) (D:3)
  3 orc wizards
  19 gnolls
  9 adders
  A shadow imp (D:5)
  2 white imps (D:6)
  2 worms
  2 dart slugs
  11 orcs
  7 endoplasms
  A giant cockroach (D:1)
  13 goblins
  9 hobgoblins
  6 jackals
  5 quokkas
  8 ball pythons
  6 bats
  5 frilled lizards
  9 kobolds
  7 rats
154 creatures vanquished.

Notes
Turn   | Place    | Note
-------+----------+-------------------------------------------
     0 | D:1      | kae the Ogre Air Elementalist began the quest for the Orb.
     0 | D:1      | Reached XP level 1. HP: 16/16 MP: 3/3
   171 | D:1      | Reached skill level 1 in Conjurations
   308 | D:1      | Reached XP level 2. HP: 24/24 MP: 1/5
   320 | D:1      | Reached skill level 3 in Air Magic
   898 | D:1      | Learned a level 2 spell: Static Discharge
  1223 | D:1      | Gained mutation: You have a pair of small horns on your
                  | head. [potion of mutation]
  1223 | D:1      | Gained mutation: You are robust. (+10% HP) [potion of
                  | mutation]
  1233 | D:1      | Reached XP level 3. HP: 8/34 MP: 1/7
  2284 | D:2      | Reached XP level 4. HP: 42/42 MP: 3/8
  2391 | D:2      | Found a faded altar of an unknown god.
  3377 | D:3      | Noticed Natasha
  3386 | D:3      | Killed Natasha
  3387 | D:3      | Reached skill level 4 in Air Magic
  3387 | D:3      | Reached XP level 5. HP: 47/49 MP: 2/10
  3585 | D:3      | Noticed a black bear
  3895 | D:3      | Noticed Natasha
  3904 | D:3      | Killed Natasha
  4175 | D:3      | Found a broken altar of Ashenzari.
  4177 | D:3      | Noticed Natasha
  4181 | D:3      | Killed Natasha
  4203 | D:3      | Found a radiant altar of Vehumet.
  4203 | D:3      | Found a hazy altar of Hepliaklqana.
  4581 | D:3      | Found a runed translucent door.
  4582 | D:3      | Noticed Crazy Yiuf
  4663 | D:4      | Noticed a phantom
  4675 | D:4      | Killed a phantom
  4676 | D:4      | Reached XP level 6. HP: 54/58 MP: 1/12
  4778 | D:4      | Learned a level 3 spell: Swiftness
  4930 | D:4      | Reached skill level 5 in Air Magic
  5016 | D:4      | Reached XP level 7. HP: 32/64 MP: 0/13
  5808 | D:4      | Noticed Blork the orc
  5816 | D:4      | Killed Blork the orc
  6009 | D:5      | Entered Level 5 of the Dungeon
  6024 | D:5      | Reached skill level 5 in Spellcasting
  6157 | D:5      | Reached skill level 6 in Air Magic
  6313 | D:5      | Reached XP level 8. HP: 66/73 MP: 1/15
  6428 | D:5      | Learned a level 4 spell: Airstrike
  6567 | D:5      | Found a stormy altar of Qazlal.
  6623 | D:5      | Noticed Edmund
  7271 | D:5      | Reached skill level 7 in Air Magic
  7524 | D:5      | Found an ancient bone altar of Kikubaaqudgha.
  8036 | D:6      | Found a sacrificial altar of Ru.
  8334 | D:6      | Reached skill level 5 in Conjurations
  8334 | D:6      | Reached XP level 9. HP: 81/81 MP: 11/18
  8513 | D:6      | Reached skill level 8 in Air Magic
  8834 | D:5      | HP: 1/81 [gnoll/+0 club (4)]
  9128 | D:6      | Slain by a gnoll sergeant

Illustrated notes

Levels and vault maps discovered:
D:1:      saegor_arrival_fortress, layout_basic
D:2:      layout_loops_corners, hellmonk_ecumenical_altar_leap_of_faith
D:3:      minmay_door_path, layout_loops_ring, grunt_temple_overflow_open,
          minmay_pentangle, uniq_crazy_yiuf_cottage, uniq_natasha
D:4:      layout_rooms, st_stairs_1, uniq_blork_the_orc
D:5:      layout_cave_pools, nicolae_qazlal_scattered_showers,
          lemuel_doored_altar, uniq_edmund
D:6:      layout_basic, nicolae_ru_the_path_less_chosen

Skill      XL: |  1  2  3  4  5  6  7  8  9 |
---------------+----------------------------+-----
Conjurations   | 1 2 3 5 |  5.2
Air Magic      | 3 4 5 6 7 8 |  8.1
Spellcasting   | 3 4 5 6 |  6.8
Dodging        | |  1.7
Stealth        | |  1.4

Action                   |  1- 3 |  4- 6 |  7- 9 || total
-------------------------+-------+-------+-------++-------
Melee: Short sword       |    66 |     6 |     9 ||    81
       Unarmed           |    15 |       |       ||    15
       Headbutt          |    10 |       |     3 ||    13
 Cast: Shock             |    67 |   125 |   164 ||   356
       Static Discharge  |       |     3 |    41 ||    44
       Airstrike         |       |       |     7 ||     7
  Use: Potion            |     2 |       |     1 ||     3
       Scroll            |     1 |    14 |     2 ||    17
Armor: Robe              |    26 |     5 |    20 ||    51
Dodge: Dodged            |    47 |    23 |    63 ||   133
Block: Other             |       |       |    17 ||    17

Table legend: (Time is in decaauts)
 A = Elapsed time spent in this place.
 B = Non-inter-level travel time spent in this place.
 C = Inter-level travel time spent in this place.
 D = Time resting spent in this place.
 E = Time spent auto-exploring this place.
 F = Levels seen in this place.
 G = Mean time per level.
                   A        B        C        D        E       F      G
               +--------+--------+--------+--------+--------+-----+--------+
         Total |   9137 |   8973 |    164 |    737 |   7238 |   6 | 1522.8 |
       Dungeon |   9137 |   8973 |    164 |    737 |   7238 |   6 | 1522.8 |
               +--------+--------+--------+--------+--------+-----+--------+

Top non-repeatable levels by time:
     D:5: 1983 daAuts
     D:1: 1830 daAuts
     D:2: 1592 daAuts
     D:4: 1529 daAuts
     D:3: 1182 daAuts
     D:6: 1020 daAuts
